 Dungeon Crawl Stone Soup version 0.29.1-13-g9f3cf754e1 (webtiles) character file.

Game seed: 14075526883840005204

133 xian the Covert (level 5, -3/33 HPs)
             Began as a Kobold Delver on Jan 28, 2023.
             Slain by a black bear (5 damage)
             ... on level 4 of the Dungeon.
             The game lasted 00:02:20 (1067 turns).

xian the Covert (Kobold Delver)                     Turns: 1067, Time: 00:02:20

Health: -3/33      AC:  5    Str: 12    XL:     5   Next: 39%
Magic:  5/5        EV: 13    Int: 11    God:
Gold:   67         SH:  0    Dex: 16    Spells: 4/4 levels left

rFire   . . .      SeeInvis .   f - +8 mace "Datiq" {speed, +Blink rElec rC- Stlth+}
rCold   x . .      Faith    .   (no shield)
rNeg    . . .      Spirit   .   k - +0 ring mail
rPois   .          Reflect  .   (no helmet)
rElec   +          Harm     .   (no cloak)
rCorr   .          Rampage  .   (no gloves)
Will    .....                   (no boots)
Stlth   +++++.....              (no amulet)
HPRegen 0.11/turn               (no ring)
MPRegen 0.09/turn               (no ring)

@: no status effects
A: small, no large weapons, nightstalker 3
a: Evoke Blink


You were on level 4 of the Dungeon.
You visited 1 branch of the dungeon, and saw 2 of its levels.

You collected 67 gold pieces.

Inventory:

Hand Weapons
 a - a +0 short sword
 f - the +8 mace "Datiq" (weapon) {speed, +Blink rElec rC- Stlth+}
   (You found it on level 4 of the Dungeon)

   Attacks with this weapon are significantly faster.
   rC:        It makes you vulnerable to cold.
   rElec:     It insulates you from electricity.
   +Blink:    It lets you blink.
   Stlth:     It makes you more stealthy.
Missiles
 h - 14 stones (quivered)
 m - 2 poisoned darts
Armour
 b - a +0 leather armour
 k - a +0 ring mail (worn)
Wands
 g - a wand of digging (3)
Scrolls
 c - a scroll of fog
 d - a scroll of magic mapping
 e - a scroll of fear
 i - a scroll of identify {unknown}
 j - a scroll of vulnerability {unknown}
Potions
 l - a potion of heal wounds {unknown}


   Skills:
 + Level 3.9 Fighting
 + Level 3.0 Short Blades
 + Level 0.3 Maces & Flails
 + Level 0.4 Armour
 + Level 2.9 Dodging
 + Level 8.6 Stealth


You had 4 spell levels left.
You didn't know any spells.
Your spell library was empty.

Dungeon Overview and Level Annotations

Branches:
Dungeon (5/15)
 Temple: D:4-7

Altars:

Shops:
D:5 !


Innate Abilities, Weirdness & Mutations

You are small and have problems with some larger weapons.
You are completely attuned to the shadows.


Message History

The black bear is lightly wounded.
You closely miss the black bear.
The black bear is lightly wounded.
The black bear bites you but does no damage.
The black bear claws you. The black bear closely misses you.
You hit the black bear.
The black bear is moderately wounded.
The black bear misses you. The black bear closely misses you.
The black bear barely misses you.
You sock the black bear!
The black bear is severely wounded.
The black bear barely misses you. The black bear claws you. x2
You closely miss the black bear.
The black bear is severely wounded.
The black bear bites you but does no damage.
The black bear claws you. x2
You sock the black bear!
The black bear is almost dead.
The black bear goes berserk!
You barely miss the black bear.
The black bear is almost dead.
The black bear bites you!
The black bear claws you but does no damage. x2
You barely miss the black bear.
The black bear is almost dead.
The black bear barely misses you.
The black bear claws you but does no damage.
The black bear claws you. The black bear closely misses you.
The black bear claws you but does no damage.
The black bear claws you.
You barely miss the black bear.
The black bear is almost dead.
The black bear bites you. The black bear barely misses you.
The black bear closely misses you.
You closely miss the black bear.
The black bear is almost dead.
The black bear bites you!
* * * LOW HITPOINT WARNING * * *
The black bear closely misses you. The black bear claws you.
You die...

......... ..#######
..# ..# ..#
#.........#
..#+#######....>....#
....................#
....................#
................@h..#
....................#
....................#
##..................#
############+#.....#


You could see a black bear (berserk).

Vanquished Creatures
  A black bear (D:4)
  An iguana (D:4)
  An adder (D:4)
  2 orcs (D:4)
  3 hobgoblins (D:4)
8 creatures vanquished.

Notes
Turn   | Place    | Note
-------+----------+-------------------------------------------
     0 | D:5      | xian the Kobold Delver began the quest for the Orb.
     0 | D:5      | Reached XP level 1. HP: 14/14 MP: 1/1
    26 | D:5      | Found Xysest's Distillery.
   368 | D:4      | Identified the +8 mace "Datiq" {speed, +Blink rElec rC-
                  | Stlth+}
   401 | D:4      | Noticed a black bear
   406 | D:4      | Killed a black bear
   407 | D:4      | Reached skill level 8 in Stealth
   407 | D:4      | Reached XP level 2. HP: 17/20 MP: 2/2
   407 | D:4      | Reached XP level 3. HP: 21/24 MP: 3/3
   407 | D:4      | Reached XP level 4. HP: 25/29 MP: 4/4
   424 | D:4      | Reached XP level 5. HP: 30/33 MP: 5/5
   693 | D:4      | HP: 1/33 [iguana (7)]
  1054 | D:4      | Noticed a black bear
  1067 | D:4      | Slain by a black bear

Illustrated notes

Levels and vault maps discovered:
D:4:      layout_gridville
D:5:      layout_loops_cross, nicolae_yredelemnul_corpse_copse,
          gammafunk_temple_overflow_elements, serial_shops, shop_statue,
          amcnicky_mini_rare_corridor_liquid, minmay_joined_circles

Skill      XL: |  1  2  3  4  5 |
---------------+----------------+-----
Stealth        | 8 |  8.6
Short Blades   | 3 |  3.0
Fighting       | |  3.9
Maces & Flails | |  0.3
Armour         | |  0.4
Dodging        | |  2.9

Action                   |  1- 3 |  4- 6 || total
-------------------------+-------+-------++-------
Melee: Mace              |     3 |    32 ||    35
  Use: Potion            |     1 |       ||     1
 Stab: Sleeping          |     1 |     3 ||     4
Armor: Ring mail         |       |     8 ||     8
       Leather armour    |       |     1 ||     1
Dodge: Dodged            |     5 |    14 ||    19
